 Dungeon Crawl Stone Soup version 0.18-a0-750-g37044d6 (webtiles) character file.

9166 Celerity the Dealer of Despair (level 11, -5/89 HPs)
             Began as a Yellow Draconian Warper on Dec 11, 2015.
             Was an Elder of Kikubaaqudgha.
             Slain by a blink frog (18 damage)
             ... on level 1 of the Lair of Beasts.
             The game lasted 00:59:55 (14846 turns).

Celerity the Dealer of Despair (DrWr)              Turns: 14846, Time: 00:59:55

Health: -5/89      AC: 10    Str: 14    XL:     11   Next: 19%
Magic:  0/20       EV: 14    Int: 16    God:    Kikubaaqudgha [****..]
Gold:   443        SH:  0    Dex: 11    Spells: 8 memorised, 4 levels left

rFire  . . .     SeeInvis +     a - +4 rapier (venom)
rCold  . . .     Clarity  .     (armour unavailable)
rNeg   . . .     SustAt   .     (no shield)
rPois  .         Gourm    .     r - +0 hat
rElec  .         Spirit   .     K - +2 cloak
rCorr  +         Dismiss  +     (no gloves)
rMut   .         Stasis   .     (no boots)
MR     .....                    o - amulet of dismissal
Stlth  +.........               E - ring of see invisible
                                (no ring)

@: exhausted, very slightly contaminated, regenerating (expiring), slowed, very
slow, not resistant to hostile enchantments, very unstealthy
A: spit acid, acid resistance, unfitting armour, cold-blooded, AC +7
a: Spit Acid, Receive Corpses, Renounce Religion


You were on level 1 of the Lair of Beasts.
You worshipped Kikubaaqudgha.
Kikubaaqudgha was greatly pleased with you.
You were not hungry.

You visited 3 branches of the dungeon, and saw 11 of its levels.

You collected 443 gold pieces.

Inventory:

Hand Weapons
 a - a +4 rapier of venom (weapon)
 b - a +4 flail of holy wrath
 n - a +3 dagger of venom
Missiles
 d - 2 tomahawks of dispersal
 m - 29 poisoned needles
 p - 18 tomahawks
 A - 7 javelins of penetration (quivered)
Armour
 r - a +0 hat (worn)
 B - a +0 buckler
 K - a +2 cloak (worn)
Jewellery
 f - an uncursed ring of poison resistance {unknown}
 o - an amulet of dismissal (around neck)
 u - an uncursed ring of flight
 E - a ring of see invisible (right hand)
 I - an uncursed ring of protection from magic {unknown}
 L - an uncursed ring of fire
Wands
 h - a wand of lightning (1)
 l - a wand of confusion (27)
 s - a wand of slowing (9)
 y - a wand of frost (23)
 C - a wand of flame (41)
 H - a wand of draining (2)
Scrolls
 c - 4 scrolls of blinking
 i - 4 scrolls of remove curse
Potions
 k - 2 potions of curing
 q - a potion of magic
 v - 2 potions of might {unknown}
 w - a potion of brilliance
 G - 2 potions of invisibility
 J - a potion of cancellation {unknown}
Books
 g - a book of Spatial Translocations

   Spells                             Type                      Level
   a - Apportation                    Translocation                1
   b - Blink                          Translocation                2
   c - Shroud of Golubria             Charms/Translocation         2
   d - Portal Projectile              Translocation                3
   e - Teleport Other                 Translocation                3
   f - Passage of Golubria            Translocation                4
 z - Kikubaaqudgha's Compendium of Unholy Rites
   (Kikubaaqudgha gifted it to you on level 8 of the Dungeon)

   Spells                             Type                      Level
   a - Animate Dead                   Necromancy                   4
   b - Excruciating Wounds            Charms/Necromancy            5
   c - Dispel Undead                  Necromancy                   5
   d - Simulacrum                     Ice/Necromancy               6
   e - Death Channel                  Necromancy                   6
 D - Kikubaaqudgha's Grimoire of Necromancy
   (Kikubaaqudgha gifted it to you on level 6 of the Dungeon)

   Spells                             Type                      Level
   a - Pain                           Necromancy                   1
   b - Corpse Rot                     Necromancy                   2
   c - Sublimation of Blood           Necromancy                   2
   d - Regeneration                   Charms/Necromancy            3
   e - Control Undead                 Necromancy                   4
Comestibles
 e - 7 bread rations


   Skills:
 - Level 6.2 Fighting
 - Level 8.0 Short Blades
   Level 3.0 Axes
 - Level 0.8 Throwing
 - Level 5.1 Dodging
 * Level 4.6 Shields
 - Level 6.3 Spellcasting
 - Level 3.1 Charms
 - Level 9.1 Necromancy
 - Level 5.2 Translocations


You had 4 spell levels left.
You knew the following spells:

 Your Spells              Type           Power        Failure   Level  Hunger
a - Pain                  Necr           ####         1%          1    None
b - Animate Dead          Necr           N/A          3%          4    ####...
c - Shroud of Golubria    Chrm/Tloc      ###.......   4%          2    None
d - Teleport Other        Tloc           ###.....     6%          3    ##.....
e - Apportation           Tloc           ###.......   1%          1    None
g - Regeneration          Chrm/Necr      ###.......   3%          3    ##.....
l - Blink                 Tloc           N/A          2%          2    None
r - Corpse Rot            Necr           N/A          1%          2    None


Dungeon Overview and Level Annotations

Branches:
Dungeon (9/15)             Temple (1/1) D:5            Lair (1/8) D:9
    Orc (0/4) D:9

Altars:
Ashenzari
Cheibriados
Dithmenos
Elyvilon
Fedhas
Gozag
Kikubaaqudgha
Makhleb
Nemelex Xobeh
Okawaru
Pakellas
Qazlal
Ru
Sif Muna
Trog
Vehumet
Xom
Yredelemnul
Zin
The Shining One

Shops:
D:4 =   D:9 =


Innate Abilities, Weirdness & Mutations

You can spit globs of acid.
You are resistant to acid.
Your golden yellow scales are hard (AC +7).
Your body does not fit into most forms of armour.
You are cold-blooded and may be slowed by cold attacks.


Message History

Your wolf zombie bites the blink frog.
Your black mamba zombie misses the giant frog.
The giant frog barely misses your wolf skeleton.
Casting: Shroud of Golubria
Confirm with . or Enter, or press ? or * to list all spells.
You blink.
You have got your breath back.
Your wolf zombie bites the giant frog!
The giant frog dies!
Kikubaaqudgha accepts your kill.
The giant frog barely misses your black mamba zombie.
Your wolf zombie misses the blink frog.
Your black mamba zombie barely misses the giant frog.
Your wolf skeleton bites the giant frog.
The giant frog barely misses your black mamba zombie.
Your wolf zombie bites the blink frog.
Your black mamba zombie barely misses the giant frog.
The blink frog hits you!!
You die...
Kikubaaqudgha rasps: "You have failed me!
Welcome... death!"

...........♣♣♣####.#.............
..#######..♣♣.............§......
. #.....#..♣ ♣...................
#..<..#..♣ ♣.....Z..%........[.
#.....#..♣♣♣.....Z†............
#⌠...⌠#..♣♣....FZ.Z....###.#P..
..##'''##..♣♣♣#.#........P.......
...........♣ ♣..FZ#............).
...........♣ ♣..@.#......#....#..
♣♣♣♣♣♣♣♣♣♣♣♣ ♣....#§.....#....#
♣♣♣♣♣ ♣............# ....
♣♣♣.##.♣♣♣♣♣♣............#.(..#
.... #......#.....#.......#. ...
#............#†...........
#'####......#.#####Z...........
#..#.#.........%...F...(.§.....
......!.........§†.............


You could see a blink frog, a giant frog, a friendly black mamba zombie, a
friendly river rat zombie, 2 friendly wolf zombies and a friendly wolf skeleton.

Vanquished Creatures
  Pikel (D:8)
  Maurice (D:8)
  A black mamba (Lair:1)
  Joseph (D:7)
  5 blink frogs (Lair:1)
  2 deep elf magi (D:9)
  Menkaure (D:4)
  4 wolves (Lair:1)
  2 water moccasins
  Duvessa (D:6)
  4 orc warriors
  2 phantoms
  A porcupine (Lair:1)
  A black bear (D:6)
  2 sky beasts
  4 ogres
  4 centaurs
  2 crocodiles (Lair:1)
  10 giant frogs
  Dowan (D:6)
  A scorpion (D:4)
  5 killer bees
  7 wights
  An electric eel (D:7)
  3 crimson imps
  A jelly (D:8)
  A giant frog zombie (D:9)
  2 hounds
  17 orc priests
  10 orc wizards
  A gnoll shaman (D:7)
  A giant frog skeleton (D:6)
  A quasit (D:8)
  2 centaur skeletons
  3 iguanas
  Natasha (thrice) (D:4)
  9 worker ants
  2 hound skeletons
  A worker ant zombie (D:8)
  8 gnolls
  16 adders
  8 river rats (Lair:1)
  3 shadow imps
  An ooze (D:1)
  An adder skeleton (D:4)
  4 worms
  A giant gecko (D:5)
  56 orcs
  5 giant cockroaches
  9 goblins
  10 hobgoblins
  19 jackals
  10 kobolds
  4 quokkas
  2 ball pythons
  8 bats
  A giant gecko skeleton (D:7)
  10 giant newts
  A jackal skeleton (D:7)
  2 quokka zombies (D:7)
  12 rats
312 creatures vanquished.

Vanquished Creatures (collateral kills)
  2 spiny frogs (Lair:1)
  3 blink frogs (Lair:1)
  A basilisk (Lair:1)
  2 giant frogs (Lair:1)
8 creatures vanquished.

Vanquished Creatures (others)
  An orc priest (D:9)
  A worker ant (D:9)
  A hound (D:9)
3 creatures vanquished.

Grand Total: 323 creatures vanquished

Notes
Turn   | Place    | Note
--------------------------------------------------------------
     0 | D:1      | Celerity the Draconian Warper began the quest for the Orb.
     0 | D:1      | Reached XP level 1. HP: 17/17 MP: 3/3
   293 | D:1      | Reached XP level 2. HP: 19/24 MP: 5/5
   298 | D:1      | Learned a level 2 spell: Blink
   301 | D:1      | Learned a level 2 spell: Shroud of Golubria
   908 | D:2      | Reached XP level 3. HP: 22/29 MP: 6/6
   937 | D:2      | Reached skill level 1 in Short Blades
  1050 | D:2      | Found a sparkling altar of Nemelex Xobeh.
  1058 | D:2      | Reached skill level 1 in Charms
  1257 | D:2      | Reached XP level 4. HP: 24/36 MP: 3/7
  1383 | D:2      | Found an oddly glowing altar of Pakellas.
  1915 | D:3      | Reached XP level 5. HP: 30/41 MP: 8/8
  2129 | D:3      | Found a snail-covered altar of Cheibriados.
  2492 | D:3      | Learned a level 3 spell: Teleport Other
  2773 | D:4      | Found Ecrevech's Jewellery Shop.
  2781 | D:4      | Noticed Menkaure
  2787 | D:4      | Found a shadowy altar of Dithmenos.
  3214 | D:4      | Reached skill level 4 in Translocations
  3387 | D:4      | Reached XP level 6. HP: 35/48 MP: 9/9
  4098 | D:4      | Your scales start taking on a golden yellow colour.
  4098 | D:4      | Reached XP level 7. HP: 20/55 MP: 10/10
  4919 | D:4      | Killed Menkaure
  5096 | D:4      | Noticed Natasha
  5111 | D:4      | Killed Natasha
  5111 | D:4      | Reached skill level 5 in Short Blades
  5221 | D:4      | Noticed Natasha
  5237 | D:4      | Killed Natasha
  5379 | D:4      | Noticed Natasha
  5385 | D:4      | Killed Natasha
  5451 | D:5      | Entered Level 5 of the Dungeon
  5474 | D:4      | Reached skill level 5 in Translocations
  6339 | D:5      | Found a glowing silver altar of Zin.
  6339 | D:5      | Noticed an angel
  6413 | D:5      | Reached XP level 8. HP: 36/66 MP: 11/11
  6514 | D:5      | Reached skill level 6 in Short Blades
  6901 | D:5      | Found a staircase to the Ecumenical Temple.
  6906 | Temple   | Entered the Ecumenical Temple
  6947 | Temple   | Became a worshipper of Kikubaaqudgha
  7128 | D:5      | Reached skill level 5 in Fighting
  7403 | D:6      | Found a deep blue altar of Sif Muna.
  7440 | D:6      | Noticed Duvessa
  7554 | D:6      | Noticed Dowan
  7573 | D:6      | Killed Duvessa
  7573 | D:6      | Reached skill level 7 in Short Blades
  7758 | D:6      | Reached * piety under Kikubaaqudgha
  7758 | D:6      | Received a gift from Kikubaaqudgha
  8055 | D:6      | Killed Dowan
  8278 | D:6      | Reached XP level 9. HP: 38/75 MP: 10/13
  8294 | D:6      | Identified Kikubaaqudgha's Grimoire of Necromancy (Kikubaaqudgha gifted it to you on level 6 of the Dungeon)
  8298 | D:6      | Learned a level 1 spell: Pain
  8301 | D:6      | Learned a level 2 spell: Corpse Rot
  8615 | D:6      | Learned a level 3 spell: Regeneration
  8676 | D:7      | Reached skill level 1 in Necromancy
  9518 | D:7      | Reached skill level 8 in Short Blades
  9520 | D:7      | Reached ** piety under Kikubaaqudgha
  9691 | D:7      | Noticed Joseph
  9713 | D:7      | Killed Joseph
  9758 | D:7      | Reached skill level 5 in Necromancy
 12100 | D:8      | Reached XP level 10. HP: 81/83 MP: 14/14
 12175 | D:8      | Reached *** piety under Kikubaaqudgha
 12175 | D:8      | Received a gift from Kikubaaqudgha
 12176 | D:8      | Identified Kikubaaqudgha's Compendium of Unholy Rites (Kikubaaqudgha gifted it to you on level 8 of the Dungeon)
 12380 | D:8      | Noticed Maurice
 12435 | D:8      | Killed Maurice
 13293 | D:9      | Found a staircase to the Lair.
 13374 | D:9      | Found Axzec's Jewellery Shoppe.
 13395 | D:9      | Noticed Pikel
 13448 | D:8      | Killed Pikel
 13534 | D:9      | Reached skill level 5 in Spellcasting
 13563 | D:9      | Found a staircase to the Orcish Mines.
 13922 | D:9      | Learned a level 4 spell: Animate Dead
 14238 | Lair:1   | Entered Level 1 of the Lair of Beasts
 14520 | Lair:1   | Reached **** piety under Kikubaaqudgha
 14577 | Lair:1   | Reached skill level 9 in Necromancy
 14614 | Lair:1   | Reached skill level 5 in Dodging
 14773 | Lair:1   | Reached skill level 1 in Shields
 14802 | Lair:1   | Noticed a black mamba
 14805 | Lair:1   | Reached XP level 11. HP: 51/89 MP: 9/20
 14846 | Lair:1   | Slain by a blink frog

Vault maps used:
D:1:      minmay_arrival_pointy
D:2:      lemuel_round_altar, nemelex_deck
D:3:      cheibriados_altar_wand_db, first_bread, minmay_strange_pillars
D:4:      old_standard_altar, serial_shops, shop, uniq_natasha, uniq_menkaure
D:5:      zin_angel, temple_doors_e
D:6:      nicolae_overflow_crystal_walls, portal_sewer_entry_d, uniq_duvessa
D:7:      lightli_minifort, uniq_joseph
D:8:      uniq_maurice
D:9:      lair_0_dummy, orc_0_dummy, serial_shops, nicolae_shop_statue_plus,
          uniq_pikel
Temple:   water_room_temple_a_12
Lair:1:   lab_entry_generic, bh_autumn_forest_stairs, serial_bayou_shore_b

Action                   |  1- 3 |  4- 6 |  7- 9 | 10-12 || total
-------------------------+-------+-------+-------+-------++-------
Melee: Hand axe          |    42 |       |       |       ||    42
       Dagger            |    58 |   206 |   506 |   327 ||  1097
       Flail             |       |       |    21 |    11 ||    32
       Trident           |       |       |     1 |       ||     1
       Rapier            |       |       |       |    86 ||    86
Throw: Tomahawk          |       |       |     3 |       ||     3
       Javelin           |       |       |       |     5 ||     5
 Cast: Shroud of Golubri |     3 |     6 |     7 |     1 ||    17
       Blink             |       |     1 |     4 |     8 ||    13
       Pain              |       |       |    19 |     6 ||    25
       Regeneration      |       |       |     1 |     4 ||     5
       Corpse Rot        |       |       |     1 |     1 ||     2
       Animate Dead      |       |       |       |     7 ||     7
       Teleport Other    |       |       |       |     3 ||     3
Invok: Receive Corpses   |       |       |       |     1 ||     1
 Abil: Spit Acid         |       |       |    24 |    12 ||    36
Evoke: Wand              |       |       |    16 |     5 ||    21
  Use: Scroll            |     2 |    10 |     9 |    10 ||    31
       Potion            |       |       |     2 |     2 ||     4
 Stab: Sleeping          |       |     2 |     1 |       ||     3
       Distracted        |       |       |     1 |     1 ||     2
  Eat: Chunk             |     1 |    10 |    13 |     3 ||    27
       Meat ration       |       |       |     4 |     1 ||     5
       Pizza             |       |       |     1 |       ||     1
       Beef jerky        |       |       |     1 |       ||     1
       Royal jelly       |       |       |       |     1 ||     1
